 Dungeon Crawl Stone Soup version 0.30-a0-585-g93115170b9 (webtiles) character file.

Game seed: 12580376536828216082

392 Crownlay the Gusty (level 6, -2/44 HPs)
             Began as a Gnoll Wanderer on Jan 1, 2023.
             Killed by divine providence
             ... invoked by an orc priest
              (12 damage)
             ... on level 7 of the Dungeon.
             The game lasted 00:10:56 (2774 turns).

Crownlay the Gusty (Gnoll Wanderer)                 Turns: 2774, Time: 00:10:57

Health: -2/44      AC:  5    Str: 16    XL:     6   Next: 81%
Magic:  6/11       EV: 12    Int: 11    God:
Gold:   23         SH:  0    Dex:  9    Spells: 7/12 levels left

rFire   . . .      SeeInvis .    a - +0 spear
rCold   . . .      Faith    .    (no shield)
rNeg    . . .      Spirit   .    d - +0 leather armour
rPois   .          Reflect  .    (no helmet)
rElec   .          Harm     .    (no cloak)
rCorr   .          Rampage  .    t - +1 pair of gloves
Will    .....                    (no boots)
Stlth   +                        (no amulet)
HPRegen 0.27/turn                (no ring)
MPRegen 0.12/turn                (no ring)

@: about to teleport
A: fangs 1, strong nose, distributed training
a: no special abilities


You were on level 7 of the Dungeon.
You visited 1 branch of the dungeon, and saw 5 of its levels.

You collected 189 gold pieces.
You spent 166 gold pieces at shops.

Inventory:

Hand Weapons
 a - a +0 spear (weapon)
Armour
 d - a +0 leather armour (worn)
 t - a +1 pair of gloves (worn)
Jewellery
 j - a ring of fire
 p - a +4 ring of protection
Wands
 b - a wand of polymorph (4)
Scrolls
 f - 2 scrolls of teleportation
 g - a scroll of acquirement {unknown}
 h - a scroll of enchant armour {unknown}
 m - a scroll of poison {unknown}
 n - a scroll of identify {unknown}
 o - a scroll of torment {unknown}
 q - a scroll of amnesia {unknown}
Potions
 c - a potion of might
 e - a potion of brilliance {unknown}
 i - a potion of mutation {unknown}
 l - a potion of heal wounds {unknown}
 r - 2 potions of cancellation {unknown}
 s - a potion of magic {unknown}
 u - 2 potions of resistance {unknown}
 v - a potion of curing


   Skills:
 + Level 2.2 Fighting
 + Level 2.2 Short Blades
 + Level 2.2 Long Blades
 + Level 2.2 Axes
 + Level 2.2 Maces & Flails
 + Level 5.1 Polearms
 + Level 2.2 Staves
 + Level 2.2 Ranged Weapons
 + Level 2.2 Throwing
 + Level 3.4 Armour
 + Level 3.4 Dodging
 + Level 2.2 Stealth
 + Level 2.2 Shields
 + Level 2.2 Unarmed Combat
 + Level 3.6 Spellcasting
 + Level 1.7 Conjurations
 + Level 1.7 Hexes
 + Level 1.7 Summonings
 + Level 1.7 Necromancy
 + Level 1.7 Translocations
 + Level 1.7 Transmutations
 + Level 1.7 Fire Magic
 + Level 1.7 Ice Magic
 + Level 7.3 Air Magic
 + Level 1.7 Earth Magic
 + Level 1.7 Poison Magic
 + Level 2.4 Invocations
 + Level 3.4 Evocations


You had 7 spell levels left.
You knew the following spells:

 Your Spells              Type           Power      Damage    Failure   Level
a - Shock                 Conj/Air       48%        1d6       4%          1
b - Airstrike             Air            9%         2d(2-18)  14%         4

Your spell library contained the following spells:

 Spells                   Type           Power      Damage    Failure   Level
 Swiftness                Air            18%        N/A       4%          3
 Vhi's Electric Charge    Tloc/Air       24%        N/A       14%         3
 Summon Lightning Spire   Summ/Air       12%        N/A       41%         4
 Arcjolt                  Conj/Air       6%         1d16      77%         5
 Maxwell's Capacitive Co  Air            9%         ∞         100%        8


Dungeon Overview and Level Annotations

Branches:
Dungeon (7/15)
 Temple: D:4-7

Altars:
The Shining One

Shops:
D:3 !==*


Innate Abilities, Weirdness & Mutations

You have very sharp teeth.
Your uncanny sense of smell can sniff out nearby items.
Your experience applies equally to all skills.


Message History

As you read the scroll of blinking, it crumbles to dust.
An adder comes into view.
A gnoll comes into view. It is wielding a +0 halberd.
The iguana barely misses you. The iguana attacks as you move away!
The iguana bites you.
* * * LOW HITPOINT WARNING * * *
There is a stone staircase leading down here.
The iguana bites you but does no damage.
You climb downwards.
Found an orange potion.
There is a stone staircase leading up here.
You feel better. The iguana bites you.
* * * LOW HITPOINT WARNING * * *
You are too injured to fight recklessly!
Casting: Airstrike (quite dangerous; 14% risk of failure)
Confirm with . or Enter, or press ? or * to list all spells.
Aiming: Shock (safe; 4% risk of failure)
Press: ? - help, Shift-Dir - straight line, f - iguana
Aim: an iguana (72% to hit)
Okay, then.
As you read the scroll of fear, it crumbles to dust.
You assume a fearsome visage.
The iguana looks frightened!
As you read the scroll of teleportation, it crumbles to dust.
You feel strangely unstable.
Your surroundings suddenly seem different.
An orc wizard, an orc priest and an orc come into view.
The orc priest shouts!
You hear a shout! x2
The orc priest looks satisfied for a moment.
The orc wizard mumbles some strange words.
The orc wizard flickers and vanishes!
Deactivating autopickup; reactivate with Ctrl-A.
An orc comes into view. It is wielding a +0 dagger.
You hear a shout!
As you read the scroll of teleportation, it crumbles to dust.
You feel strangely unstable.
As you read the scroll of fog, it crumbles to dust.
The scroll dissolves into smoke.
The orc priest calls down the wrath of Beogh upon you.
Beogh smites you!
You die... .# .# .# .# o# §# #.####{# #..o§@o# #.######

You could see an orc priest and an orc.

Vanquished Creatures
  Sigmund (D:2)
  A phantom (D:6)
  A scorpion (D:6)
  4 gnolls (D:3)
  An adder (D:3)
  2 dart slugs
  4 ball pythons
  5 endoplasms
  2 giant cockroaches (D:3)
  4 goblins
  8 hobgoblins (D:1)
  A jackal (D:2)
  3 quokkas
  2 frilled lizards
  5 kobolds
  7 rats
51 creatures vanquished.

Notes
Turn   | Place    | Note
-------+----------+-------------------------------------------
     0 | D:1      | Crownlay the Gnoll Wanderer began the quest for the Orb.
     0 | D:1      | Crownlay set off with the following items: a +0 spear, a
                  | wand of polymorph (4), a potion of might, a +0 leather
                  | armour; and the following spell memorised: Shock; and the
                  | following spells available to memorise: Swiftness, Summon
                  | Lightning Spire.
     0 | D:1      | Reached XP level 1. HP: 13/13 MP: 4/4
   165 | D:1      | Reached XP level 2. HP: 19/19 MP: 1/5
   550 | D:1      | Reached XP level 3. HP: 25/25 MP: 1/7
  1040 | D:2      | Reached skill level 1 in Invocations
  1202 | D:2      | Found a glowing golden altar of the Shining One.
  1445 | D:2      | Noticed Sigmund
  1507 | D:2      | HP: 1/25 [Sigmund/+0 scythe (9)]
  1509 | D:2      | Killed Sigmund
  1510 | D:2      | Reached skill level 1 in Fighting
  1510 | D:2      | Reached skill level 1 in Short Blades
  1510 | D:2      | Reached skill level 1 in Long Blades
  1510 | D:2      | Reached skill level 1 in Axes
  1510 | D:2      | Reached skill level 1 in Maces & Flails
  1510 | D:2      | Reached skill level 1 in Staves
  1510 | D:2      | Reached skill level 1 in Ranged Weapons
  1510 | D:2      | Reached skill level 1 in Throwing
  1510 | D:2      | Reached skill level 1 in Stealth
  1510 | D:2      | Reached skill level 1 in Shields
  1510 | D:2      | Reached skill level 1 in Unarmed Combat
  1510 | D:2      | Reached skill level 1 in Conjurations
  1510 | D:2      | Reached skill level 1 in Hexes
  1510 | D:2      | Reached skill level 1 in Summonings
  1510 | D:2      | Reached skill level 1 in Necromancy
  1510 | D:2      | Reached skill level 1 in Translocations
  1510 | D:2      | Reached skill level 1 in Transmutations
  1510 | D:2      | Reached skill level 1 in Fire Magic
  1510 | D:2      | Reached skill level 1 in Ice Magic
  1510 | D:2      | Reached skill level 1 in Earth Magic
  1510 | D:2      | Reached skill level 1 in Poison Magic
  1510 | D:2      | Reached XP level 4. HP: 2/33 MP: 0/8
  1510 | D:2      | Reached XP level 5. HP: 2/38 MP: 0/9
  1979 | D:3      | Learned a level 4 spell: Airstrike
  2056 | D:3      | Found Solyduc's Jewellery Boutique.
  2118 | D:3      | Found Waetwaud's General Store.
  2124 | D:3      | Bought a scroll of fog for 44 gold pieces
  2124 | D:3      | Bought a scroll of fear for 44 gold pieces
  2187 | D:3      | Found Wuklyerch's Distillery.
  2213 | D:3      | Bought 2 potions of curing for 78 gold pieces
  2277 | D:3      | Reached XP level 6. HP: 44/44 MP: 8/11
  2298 | D:3      | Found Gacahilo's Jewellery Emporium.
  2337 | D:3      | Reached skill level 5 in Polearms
  2593 | D:3      | You fall into a shaft and drop 3 floors!
  2742 | D:6      | Noticed a steam dragon
  2763 | D:6      | HP: 2/44 [iguana (4)]
  2774 | D:7      | Killed from afar by an orc priest

Illustrated notes

Levels and vault maps discovered:
D:1:      sevenhm_arrival_forest_fort_large_4, layout_rooms
D:2:      layout_basic, basic_altar, minmay_ruptured, uniq_sigmund
D:3:      layout_basic, serial_shops, nicolae_shop_statue_plus,
          nicolae_shop_statue_plus, nicolae_shop_hallway_plus,
          nicolae_shop_waterfront, minivault_19
D:6:      layout_cave_pools, temple_green, uniq_grinder, uniq_eustachio
D:7:      layout_loops_cross, trog_butcher_becter, nemelex_dance_club_becter,
          serial_demonic, serial_demonic_c, serial_demonic_f, serial_demonic_c,
          serial_demonic_g, serial_demonic_g, serial_demonic_c

Skill      XL: |  1  2  3  4  5  6 |
---------------+-------------------+-----
Invocations    | 1 2 |  2.4
Fighting       | 1 2 |  2.2
Short Blades   | 1 2 |  2.2
Long Blades    | 1 2 |  2.2
Axes           | 1 2 |  2.2
Maces & Flails | 1 2 |  2.2
Staves         | 1 2 |  2.2
Ranged Weapons | 1 2 |  2.2
Throwing       | 1 2 |  2.2
Armour         | 3 |  3.4
Dodging        | 3 |  3.4
Stealth        | 1 2 |  2.2
Shields        | 1 2 |  2.2
Unarmed Combat | 1 2 |  2.2
Spellcasting   | 3 |  3.6
Conjurations   | 1 |  1.7
Hexes          | 1 |  1.7
Summonings     | 1 |  1.7
Necromancy     | 1 |  1.7
Translocations | 1 |  1.7
Transmutations | 1 |  1.7
Fire Magic     | 1 |  1.7
Ice Magic      | 1 |  1.7
Earth Magic    | 1 |  1.7
Poison Magic   | 1 |  1.7
Evocations     | 3 |  3.4
Polearms       | 5 |  5.1
Air Magic      | |  7.3

Action                   |  1- 3 |  4- 6 || total
-------------------------+-------+-------++-------
Melee: Spear             |    63 |    45 ||   108
       Bite              |     2 |     4 ||     6
 Cast: Shock             |    53 |    45 ||    98
       Airstrike         |       |     3 ||     3
  Use: Scroll            |       |     7 ||     7
       Potion            |       |     2 ||     2
 Stab: Sleeping          |     2 |       ||     2
Armor: Leather armour    |    11 |    15 ||    26
Dodge: Dodged            |    35 |    37 ||    72

Table legend: (Time is in decaauts)
 A = Elapsed time spent in this place.
 B = Non-inter-level travel time spent in this place.
 C = Inter-level travel time spent in this place.
 D = Time resting spent in this place.
 E = Time spent auto-exploring this place.
 F = Levels seen in this place.
 G = Mean time per level.
                   A        B        C        D        E       F      G
               +--------+--------+--------+--------+--------+-----+--------+
         Total |   2759 |   2709 |     50 |     70 |   2179 |   5 |  551.8 |
       Dungeon |   2759 |   2709 |     50 |     70 |   2179 |   5 |  551.8 |
               +--------+--------+--------+--------+--------+-----+--------+

Top non-repeatable levels by time:
     D:2: 944 daAuts
     D:1: 914 daAuts
     D:3: 723 daAuts
     D:6: 168 daAuts
     D:7: 8 daAuts
